 Dungeon Crawl Stone Soup version 0.24.0-1-gfbc8707 (webtiles) character file.

Game seed: 902614897104044520, levelgen mode: deterministic

39 Dorkslayer the Covered (level 3, 0/45 HPs)
             Began as a Barachi Fighter on Nov 14, 2019.
             Succumbed to an adder's poison
             ... on level 2 of the Dungeon.
             The game lasted 00:04:00 (1294 turns).

Dorkslayer the Covered (Barachi Fighter)            Turns: 1294, Time: 00:04:00

Health: 0/45       AC: 21    Str: 19 (22) XL:     3   Next: 47%
Magic:  3/3        EV:  2    Int:  6 (8)  God:
Gold:   33         SH:  9    Dex: 14 (17) Spells: 2/2 levels left

rFire    . . .     SeeInvis +   a - +0 long sword
rCold    . . .     Gourm    .   c - +0 shield
rNeg     + + +     Faith    .   (armour currently unavailable)
rPois    +         Spirit   .   (helmet currently unavailable)
rElec    .         Reflect  .   (cloak currently unavailable)
rCorr    .         Harm     .   (gloves currently unavailable)
MR       .....     Rnd*Rage +   (boots currently unavailable) Stlth ++........NoTele +
                                (no amulet)
HPRegen  0.15/turn              (no ring)
MPRegen  0.08/turn              (no ring)

@: mighty, agile, lethally poisoned (0 -> -3), tree-form
A: +LOS, swims, see invisible, berserk 1
a: no special abilities


You were on level 2 of the Dungeon.
You were hungry.
You were a tree.
You visited 1 branch of the dungeon, and saw 2 of its levels.

You collected 33 gold pieces.

Inventory:

Hand Weapons
 a - a +0 long sword (weapon)
 i - a +1 short sword of holy wrath
Armour
 b - a +0 scale mail (melded)
 c - a +0 shield (worn)
Scrolls
 j - a scroll of remove curse {unknown}
 n - 2 scrolls of identify {unknown}
Comestibles
 f - 2 rations


   Skills:
 + Level 4.1 Fighting
 + Level 3.1 Long Blades
 + Level 4.1 Armour
 + Level 0.2 Dodging
 + Level 3.6 Shields


You had 2 spell levels left.
You didn't know any spells.
Your spell library was empty.

Dungeon Overview and Level Annotations

Branches:
Dungeon (2/15)

Altars:


Innate Abilities, Weirdness & Mutations

Shadows flee at your approach. (+LOS)
You can swim through water.
((You cover ground slowly.))
((You can hop short distances.))
You have supernaturally acute eyesight. (SInv)
You tend to lose your temper in combat.
((Armour fits poorly on your strangely shaped body.))


Message History

* * * LOW HITPOINT WARNING * * *
You feel sick.
It was a potion of mutation.
You feel extremely strange.
Your body twists and deforms.
You feel a little pissed off.
Your vision sharpens.
It was a potion of degeneration.
There was something very wrong with that liquid.
You feel weakened.
You feel dopey.
You feel clumsy.
* * * LOW HITPOINT WARNING * * *
You feel sick.
There is a lethal amount of poison in your body!
* * * LOW HITPOINT WARNING * * *
You feel sick.
* * * LOW HITPOINT WARNING * * *
You feel sick.
* * * LOW HITPOINT WARNING * * *
You feel sick.
* * * LOW HITPOINT WARNING * * *
You feel sick.
You die...

.# .. ###.# ....#
... ...
###.####.###.####
.................
####♣### #....†.#
#.....## #..(...#
#..<...# #......#
....(....#
.r)....%....#
##.#.#####..#


There were no monsters in sight!

Vanquished Creatures
  An adder (D:2)
  A dart slug (D:1)
  A ball python (D:1)
  A bat (D:1)
  3 giant cockroaches (D:1)
  3 goblins (D:1)
  A hobgoblin (D:1)
  2 jackals (D:2)
  A quokka (D:2)
  2 frilled lizards (D:1)
  8 kobolds
  4 rats (D:1)
28 creatures vanquished.

Notes
Turn   | Place    | Note
-------+----------+-------------------------------------------
     0 | D:1      | Dorkslayer the Barachi Fighter began the quest for the Orb.
     0 | D:1      | Reached XP level 1. HP: 18/18 MP: 1/1
   257 | D:1      | Reached XP level 2. HP: 25/25 MP: 2/2
   959 | D:1      | Reached XP level 3. HP: 28/30 MP: 3/3
  1285 | D:2      | Gained mutation: Armour fits poorly on your strangely
                  | shaped body. [potion of mutation]
  1285 | D:2      | Gained mutation: You tend to lose your temper in combat.
                  | [potion of mutation]
  1285 | D:2      | Gained mutation: You have supernaturally acute eyesight.
                  | (SInv) [potion of mutation]
  1289 | D:2      | HP: 2/45 [poisoned by an adder]
  1294 | D:2      | Succumbed to an adder's poison

Levels and vault maps discovered:
D:1:      psy_arrival_radial01, layout_basic
D:2:      layout_basic, overflow_temple_1_default,
          lemuel_coloured_pillars_altar, lemuel_doored_altar,
          grunt_dithmenos_smoke, first_ration

Skill      XL: |  1  2  3 |
---------------+----------+-----
Armour         | 4 |  4.1
Fighting       | 4 |  4.1
Long Blades    | 3 |  3.1
Dodging        | |  0.2
Shields        | |  3.6

Action                   || total
-------------------------++-------
Melee: Long sword        ||    74
       Short sword       ||    10
  Use: Potion            ||     6
  Eat: Chunk             ||     1
Armor: Scale mail        ||    47
Dodge: Dodged            ||    29
Block: Shield            ||    49
       Rpst.: Long sword ||     6
